 Dungeon Crawl Stone Soup version 0.19-b1-4-gd8a0a2a (webtiles) character file.

39 varam the Slasher (level 3, -1/24 HPs)
             Began as a High Elf Skald on Oct 30, 2016.
             Slain by Terence
             ... wielding a +0 mace
              (6 damage)
             ... on level 2 of the Dungeon.
             The game lasted 00:05:14 (2150 turns).

varam the Slasher (High Elf Skald)                  Turns: 2150, Time: 00:05:15

Health: -1/24      AC:  4    Str: 12    XL:     3   Next: 26%
Magic:  7/7        EV: 11    Int: 15    God:
Gold:   101        SH:  0    Dex: 15    Spells: 2 memorised, 3 levels left

rFire  . . .     SeeInvis .     a - +0 falchion
rCold  . . .     Gourm    .     b - +0 leather armour
rNeg   . . .     Faith    .     (no shield)
rPois  .         Spirit   .     (no helmet)
rElec  .         Reflect  .     (no cloak)
rCorr  .         Harm     .     e - +0 pair of gloves
MR     .....                    (no boots)
Stlth  +.........               (no amulet)
                                (no ring)
                                (no ring)

@: no status effects
A: no striking features
a: no special abilities


You were on level 2 of the Dungeon.
You were not hungry.

You visited 1 branch of the dungeon, and saw 3 of its levels.

You collected 101 gold pieces.

Inventory:

Hand Weapons
 a - a +0 falchion (weapon)
Armour
 b - a +0 leather armour (worn)
 e - a +0 pair of gloves (worn)
Scrolls
 g - 2 scrolls of teleportation {unknown}
 j - a scroll of amnesia {unknown}
Potions
 f - a potion of lignification {unknown}
 h - a potion of agility {unknown}
 k - 2 potions of curing {unknown}
 l - 2 potions of brilliance {unknown}
Books
 c - a book of Battle

   Spells                             Type                      Level
   a - Infusion                       Charms                       1
   b - Shroud of Golubria             Charms/Translocation         2
   c - Song of Slaying                Charms                       2
   d - Spectral Weapon                Hexes/Charms                 3
   e - Regeneration                   Charms/Necromancy            3
Comestibles
 i - a slice of pizza


   Skills:
 - Level 2.0 Fighting
 + Level 4.5 Long Blades
 - Level 0.8 Armour
 - Level 1.1 Dodging
 - Level 2.4 Spellcasting
 - Level 3.6 Charms


You had 3 spell levels left.
You knew the following spells:

 Your Spells              Type           Power        Failure   Level  Hunger
s - Infusion              Chrm           ##..         8%          1    #......
z - Song of Slaying       Chrm           ##......     12%         2    ###....


Dungeon Overview and Level Annotations

Branches:
Dungeon (3/15)

Altars:

Annotations:
D:2 Terence


Message History

Terence is severely wounded.
Terence misses you.
You hit Terence but do no damage.
Terence is severely wounded.
Terence barely misses you.
You barely miss Terence.
Terence is severely wounded.
Terence hits you with a mace.
* * * LOW HITPOINT WARNING * * *
Your magical contamination has completely faded away.
As you open the door, it creaks loudly!
A kobold comes into view. It is wielding an enchanted dagger.
The kobold shouts!
The kobold moves out of view.
A bat comes into view.
There is an open door here.
The bat barely misses you.
Terence says, "Don't bother to defend, it's useless."
Terence hits you with a mace.
You die...

#. .# #. #.## #.#... ##
#....## ..##### #
#.....#### ..#<#.. .#
.K....... ..#.#.###.#
####....# .(#.#.#...
#..@b...#
..#.#.#.#####.##@...#
..#)#.......#.#.....#
..'....#.##.#.##...##
..#.#.....#.#........
......................
....#..#..#.#......#..#
................#..#..#####
..#)#.##.##........# ..
...######
..#.#.......#.####.##
##........


You could see Terence, a bat and a kobold.

Vanquished Creatures
  2 worms (D:2)
  A leopard gecko (D:3)
  An orc (D:1)
  2 bats
  4 giant cockroaches
  2 goblins
  3 hobgoblins
  2 jackals (D:1)
  4 kobolds
  A quokka (D:2)
  A frilled lizard (D:2)
  6 rats (D:1)
29 creatures vanquished.

Notes
Turn   | Place    | Note
-------+----------+-------------------------------------------
     0 | D:1      | varam the High Elf Skald began the quest for the Orb.
     0 | D:1      | Reached XP level 1. HP: 14/14 MP: 4/4
   107 | D:1      | Reached skill level 3 in Long Blades
   132 | D:1      | Reached XP level 2. HP: 12/19 MP: 0/6
   346 | D:1      | Learned a level 2 spell: Song of Slaying
  1224 | D:1      | Reached skill level 4 in Long Blades
  1421 | D:2      | Reached XP level 3. HP: 7/24 MP: 0/7
  1713 | D:2      | Noticed Terence
  2150 | D:2      | Slain by Terence

Skill      XL: |  1  2 |
---------------+-------+-----
Long Blades    | 3 4 |  4.5
Fighting       | |  2.0
Armour         | |  0.8
Dodging        | |  1.1
Spellcasting   | |  2.4
Charms         | |  3.6

Action                   || total
-------------------------++-------
Melee: Falchion          ||   102
 Cast: Infusion          ||    10
       Song of Slaying   ||     5
  Eat: Bread ration      ||     1
Armor: Leather armour    ||    31
Dodge: Dodged            ||    63
       Rpst.: Falchion   ||    16
